 Dungeon Crawl Stone Soup version 0.21.1-1-g345015f (webtiles) character file.

507 Mirai the Sneak (level 7, -1/36 HPs)
             Began as a Kobold Enchanter on Apr 29, 2018.
             Slain by a centaur (4 damage)
             ... on level 4 of the Dungeon.
             The game lasted 00:09:51 (3436 turns).

Mirai the Sneak (Kobold Enchanter)                  Turns: 3436, Time: 00:09:52

Health: -1/36      AC:  4    Str:  5    XL:     7   Next: 42%
Magic:  3/12       EV: 17    Int: 16    God:
Gold:   119        SH:  0    Dex: 18    Spells: 4/13 levels left

rFire    . . .     SeeInvis .   n - +1 dagger (venom)
rCold    + . .     Gourm    .   (shield restricted)
rNeg     . . .     Faith    .   b - +1 robe
rPois    .         Spirit   .   (no helmet)
rElec    .         Reflect  .   q - +0 cloak (curse)
rCorr    .         Harm     .   (no gloves)
MR       .....                  (no boots)
Stlth    ++........             (no amulet)
HPRegen  0.12/turn              j - ring of loudness (curse)
MPRegen  0.13/turn              p - ring of protection from cold

@: very slightly contaminated
A: small, carnivore
a: no special abilities


You were on level 4 of the Dungeon.
You were very full.

You visited 1 branch of the dungeon, and saw 4 of its levels.

You collected 119 gold pieces.

Inventory:

Hand Weapons
 n - a +1 dagger of venom (weapon)
Armour
 b - a +1 robe (worn)
 q - a cursed +0 cloak (worn)
Jewellery
 j - a cursed ring of loudness (left hand)
 p - a ring of protection from cold (right hand)
Scrolls
 a - 2 scrolls of amnesia
 g - 3 scrolls of identify
Potions
 e - a potion of degeneration {unknown}
 f - a potion of haste {unknown}
 h - a potion of might {unknown}
 k - 3 potions of brilliance {unknown}
 m - 2 potions of heal wounds {unknown}
 o - a potion of flight {unknown}
Books
 c - a book of Maledictions

   Spells                             Type                      Level
   a - Corona                         Hexes                        1
   b - Ensorcelled Hibernation        Hexes/Ice                    2
   c - Confuse                        Hexes                        3
   d - Tukima's Dance                 Hexes                        3
   e - Dazzling Spray                 Conjuration/Hexes            3
Comestibles
 d - 7 rations
 l - a chunk of flesh


   Skills:
 + Level 4.1 Short Blades
 + Level 4.2 Dodging
 + Level 5.8 Stealth
 + Level 3.6 Spellcasting
 + Level 4.2 Hexes
 + Level 2.5 Ice Magic


You had 4 spell levels left.
You knew the following spells:

 Your Spells              Type           Power        Failure   Level  Hunger
a - Corona                Hex            ###....      3%          1    None
b - Ensorcelled Hibernat  Hex/Ice        ##....       7%          2    ##.....
c - Confuse               Hex            ###.....     10%         3    ###....
d - Tukima's Dance        Hex            ###.....     10%         3    ###....


Dungeon Overview and Level Annotations

Branches:
Dungeon (4/15)
 Temple: D:4-7

Altars:
Cheibriados

Annotations:
D:4 Mirai's ghost, amateur KoEn


Innate Abilities, Weirdness & Mutations

You are small and have problems with some larger weapons.
You are carnivorous and can eat meat at any time.


Message History

Aim: a centaur, wielding a shortbow (chance to defeat MR: 44%)
The centaur looks drowsy...
The adder skeleton barely misses you.
You feel better. The adder skeleton barely misses you.
Found 11 bolts.
The centaur shouts!
The centaur unwields an uncursed shortbow.
The centaur closely misses you.
You barely miss the centaur. The centaur hits you!
* * * LOW HITPOINT WARNING * * *
The adder skeleton closely misses you. The centaur hits you.
* * * LOW HITPOINT WARNING * * *
Casting: Ensorcelled Hibernation
Confirm with . or Enter, or press ? or * to list all spells.
Aiming: Ensorcelled Hibernation
Press: ? - help, Shift-Dir - straight line, f/p - centaur
Aim: a centaur (not susceptible)
The centaur is unaffected.
The adder skeleton bites you.
* * * LOW HITPOINT WARNING * * *
The centaur hits you.
You die...

............#.#
..........#.#.#
......#..##.#.#
............#.#
(.....##....#.####
......o.o.#.oo.oo#
.......#....#o##o#
..8....#......##Z#
8......#..######@#
............#..(c#
.....#.#....#.....
.....#.#.##.#######
.....#.#.##.#########
.....#....#<........#
#....#....########.##
.#...#.............#
#.#..#.#.#.......###


You could see a centaur, 3 orcs and an adder skeleton.

Vanquished Creatures
  Grinder (D:4)
  A necrophage (D:2)
  An ogre (D:4)
  An orc wizard (D:3)
  3 adders (D:2)
  2 worms
  2 dart slugs
  6 leopard geckos
  5 giant cockroaches
  4 goblins (D:2)
  6 hobgoblins
  9 jackals
  6 bats
  4 frilled lizards
  11 kobolds
  10 rats
72 creatures vanquished.

Vanquished Creatures (others)
  4 toadstools (D:1)
4 creatures vanquished.

Grand Total: 76 creatures vanquished

Notes
Turn   | Place    | Note
-------+----------+-------------------------------------------
     0 | D:1      | Mirai the Kobold Enchanter began the quest for the Orb.
     0 | D:1      | Reached XP level 1. HP: 10/10 MP: 3/3
    78 | D:1      | Reached XP level 2. HP: 12/15 MP: 5/5
    86 | D:1      | Learned a level 2 spell: Ensorcelled Hibernation
   927 | D:1      | Reached XP level 3. HP: 8/19 MP: 3/6
  1198 | D:1      | Learned a level 3 spell: Confuse
  1898 | D:2      | Reached XP level 4. HP: 15/24 MP: 0/7
  2092 | D:2      | Reached skill level 1 in Ice Magic
  2624 | D:3      | Found a snail-covered altar of Cheibriados.
  2631 | D:3      | Reached XP level 5. HP: 16/28 MP: 9/9
  2665 | D:3      | Noticed a necrophage
  2685 | D:3      | HP: 1/26 [necrophage (6)]
  2765 | D:2      | Killed a necrophage
  2765 | D:2      | Reached skill level 5 in Stealth
  2783 | D:2      | Learned a level 3 spell: Tukima's Dance
  2946 | D:3      | Reached XP level 6. HP: 30/32 MP: 10/10
  2975 | D:3      | Found a faded altar of an unknown god.
  3129 | D:4      | Noticed an ogre
  3137 | D:4      | Killed an ogre
  3140 | D:4      | Noticed Mirai's ghost (amateur KoEn)
  3374 | D:4      | Noticed Grinder
  3390 | D:4      | Killed Grinder
  3390 | D:4      | Reached XP level 7. HP: 21/36 MP: 9/12
  3436 | D:4      | Slain by a centaur

Skill      XL: |  1  2  3  4  5  6 |
---------------+-------------------+-----
Short Blades   | 2 3 4 |  4.1
Dodging        | 3 4 |  4.2
Ice Magic      | 1 2 |  2.5
Stealth        | 5 |  5.8
Spellcasting   | 3 |  3.6
Hexes          | 4 |  4.2

Action                   |  1- 3 |  4- 6 |  7- 9 || total
-------------------------+-------+-------+-------++-------
Melee: Dagger            |   123 |   142 |     7 ||   272
 Cast: Ensorcelled Hiber |    23 |    12 |     4 ||    39
       Corona            |       |     3 |       ||     3
       Confuse           |       |     5 |       ||     5
  Use: Scroll            |     4 |     3 |       ||     7
       Potion            |       |     1 |     1 ||     2
 Stab: Sleeping          |    14 |    11 |       ||    25
       Confused          |       |     4 |       ||     4
  Eat: Chunk             |    11 |     8 |       ||    19
Armor: Robe              |    17 |    15 |       ||    32
Dodge: Dodged            |   112 |   124 |    17 ||   253
